 Dungeon Crawl Stone Soup version 0.29.0-4-gdea44cf6ec (webtiles) character file.

Game seed: 10387933572290045996

67 qw the Chopper (level 4, -4/26 HPs)
             Began as a Tengu Warper on Aug 28, 2022.
             Slain by Natasha (8 damage)
             ... on level 2 of the Dungeon.
             The game lasted 00:00:12 (1951 turns).

qw the Chopper (Tengu Warper)                       Turns: 1951, Time: 00:00:12

Health: -4/26      AC:  6    Str: 13    XL:     4   Next: 16%
Magic:  8/8        EV: 11    Int: 14    God:
Gold:   151        SH:  0    Dex: 13    Spells: 7/7 levels left

rFire   . . .      SeeInvis .   a - +0 hand axe
rCold   . . .      Faith    .   (no shield)
rNeg    . . .      Spirit   .   g - +0 ring mail
rPois   .          Reflect  .   (helmet restricted)
rElec   .          Harm     .   (no cloak)
rCorr   .          Rampage  .   h - +0 pair of gloves
Will    .....                   (boots unavailable)
Stlth   +.........              (no amulet)
HPRegen 0.08/turn               (no ring)
MPRegen 0.11/turn               (no ring)

@: slowed, very slow
A: beak, talons 3
a: no special abilities


You were on level 2 of the Dungeon.
You visited 1 branch of the dungeon, and saw 2 of its levels.

You collected 151 gold pieces.


Innate Abilities, Weirdness & Mutations

You have a beak for a mouth.
You have claws for feet.


   Skills:
 - Level 2.0 Fighting
 + Level 4.7 Axes
 - Level 1.0 Throwing
 - Level 1.1 Armour
 - Level 2.1 Dodging
 - Level 2.0 Spellcasting
 - Level 2.4 Translocations


You had 7 spell levels left.
You didn't know any spells.
Your spell library contained the following spells:

 Spells                   Type           Power      Damage    Failure   Level
 Blink                    Tloc           16%        N/A       28%         2
 Gell's Gravitas          Tloc           8%         N/A       50%         3
 Lesser Beckoning         Tloc           8%         N/A       50%         3
 Teleport Other           Tloc           8%         N/A       50%         3
 Manifold Assault         Tloc           8%         N/A       99%         5

Inventory:

Hand Weapons
 a - a +0 hand axe (weapon)
 e - a +0 whip
Armour
 g - a +0 ring mail (worn)
 h - a +0 pair of gloves (worn)
Jewellery
 k - a ring of protection from fire
 m - a ring of ice
Scrolls
 b - a scroll of vulnerability {unknown}
 i - a scroll of brand weapon {unknown}
 j - a scroll of identify {unknown}
Potions
 c - a potion of might {unknown}
 d - 2 potions of attraction {unknown}
 f - a potion of haste {unknown}
 l - a potion of heal wounds {unknown}

Dungeon Overview and Level Annotations

Branches:
Dungeon (2/15)

Altars:

Annotations:
D:2 Natasha


Message History

The hobgoblin barely misses you.
You hit the hobgoblin but do no damage. The hobgoblin completely misses you.
You hit the hobgoblin.
The hobgoblin is almost dead.
The hobgoblin hits you.
You hit the hobgoblin.
You kill the hobgoblin!
You start resting.
HP restored.
There is an escape hatch in the floor here.
There is an escape hatch in the floor here.
Natasha, Servant of Life and Death comes into view.
She is carrying a wand of flame (13).
Natasha hisses angrily.
Natasha howls an incantation.
Natasha shimmers violently.
Natasha casts a spell at you. The magic dart hits you!
1938 ||| FLEEEEING.
1941 ||| FLEEEEING.
1942 ||| FLEEEEING.
1943 ||| FLEEEEING.
1944 ||| FLEEEEING.
Natasha zaps a wand.
The puff of flame hits you! Natasha casts a spell at you.
The magic dart hits you. Natasha claws you but does no damage.
You closely miss Natasha. You claw Natasha.
Natasha is lightly wounded.
Natasha casts a spell at you.
You feel yourself slow down.
You completely miss Natasha.
Natasha is lightly wounded.
Natasha stares at you and mumbles some strange words.
You feel as though you will be slow longer.
Natasha claws you but does no damage.
You hit Natasha.
Natasha is moderately wounded.
Natasha claws you!
You die...

#####################
#..>........[........
#....................
#...################# #...#
#....## ##### ###.#
#######.....#
......#####.###.....#.....#
............@.....#.#.....#
......#####h###.#.#.#.##.####
............#.#.#.#.#.##.##..
...##.....>.#.#.#......##..
#.#####.#.#.###.%..##..
.h......# #.....#........####
.....#### ############.#.....
.... #...#### ### ###.####


You could see Natasha.

Vanquished Creatures
  An adder (D:2)
  2 worms (D:2)
  3 dart slugs
  4 ball pythons
  4 bats
  An endoplasm (D:2)
  A giant cockroach (D:1)
  5 goblins
  7 hobgoblins
  2 jackals (D:1)
  2 kobolds
  2 quokkas (D:1)
  4 frilled lizards
  4 rats
42 creatures vanquished.

Vanquished Creatures (others)
  20 plants (D:1)
20 creatures vanquished.

Grand Total: 62 creatures vanquished

Notes
Turn   | Place    | Note
-------+----------+-------------------------------------------
     0 | D:1      | qw the Tengu Warper began the quest for the Orb.
     0 | D:1      | Reached XP level 1. HP: 12/12 MP: 4/4
     0 | D:1      | 0 ||| qw: Version: 0.1-a-89-g26bdef1
     0 | D:1      | 0 ||| qw: Game counter: 1788
     0 | D:1      | 0 ||| qw: Always use a shield: true
     0 | D:1      | 0 ||| qw: God list: Okawaru
     0 | D:1      | 0 ||| qw: Allow faded altars: false
     0 | D:1      | 0 ||| qw: Do Orc after D:15 true
     0 | D:1      | 0 ||| qw: Do second Lair branch before Depths: true
     0 | D:1      | 0 ||| qw: Lair rune preference: random
     0 | D:1      | 0 ||| qw: Plans: Normal
     0 | D:1      | 0 ||| PLANNING D:1-11
   153 | D:1      | Reached skill level 3 in Axes
   153 | D:1      | Reached XP level 2. HP: 16/17 MP: 6/6
   237 | D:1      | 237 ||| Stepping ~*~*~tactically~*~*~ (stealth).
   437 | D:1      | 437 ||| Stepping ~*~*~tactically~*~*~ (stealth).
   438 | D:1      | 438 ||| Stepping ~*~*~tactically~*~*~ (stealth).
   697 | D:1      | Reached XP level 3. HP: 21/21 MP: 7/7
   855 | D:1      | Found a faded altar of an unknown god.
  1080 | D:1      | 1080 ||| Stepping ~*~*~tactically~*~*~ (stealth).
  1095 | D:1      | 1095 ||| UPGRADING to +0 ring mail.
  1111 | D:1      | Reached skill level 4 in Axes
  1152 | D:1      | 1152 ||| DROPPING +0 leather armour.
  1153 | D:1      | 1153 ||| UPGRADING to +0 pair of gloves.
  1249 | D:1      | 1249 ||| DRINKING 2 purple potions.
  1250 | D:1      | 1250 ||| DROPPING scroll of blinking.
  1251 | D:1      | 1251 ||| DROPPING potion of brilliance.
  1625 | D:2      | Reached XP level 4. HP: 21/26 MP: 8/8
  1937 | D:2      | Noticed Natasha
  1938 | D:2      | 1938 ||| FLEEEEING.
  1941 | D:2      | 1941 ||| FLEEEEING.
  1942 | D:2      | 1942 ||| FLEEEEING.
  1943 | D:2      | 1943 ||| FLEEEEING.
  1944 | D:2      | 1944 ||| FLEEEEING.
  1947 | D:2      | HP: 3/26 [Natasha/magic dart (5)]
  1951 | D:2      | Slain by Natasha

Levels and vault maps discovered:
D:1:      lightli_arrival_farm, layout_loops_ring,
          shapermc_ecumenical_altar_rom_forum, dreamdust_wishing_well
D:2:      layout_basic, uniq_natasha

Skill      XL: |  1  2  3 |
---------------+----------+-----
Axes           | 3 4 |  4.7
Fighting       | |  2.0
Throwing       | |  1.0
Armour         | |  1.1
Dodging        | |  2.1
Spellcasting   | |  2.0
Translocations | |  2.4

Action                   |  1- 3 |  4- 6 || total
-------------------------+-------+-------++-------
Melee: Hand axe          |   102 |    13 ||   115
       Kick              |    22 |     4 ||    26
       Peck              |    10 |     2 ||    12
       Punch             |     1 |       ||     1
Throw: Boomerang         |     7 |       ||     7
  Use: Potion            |     1 |       ||     1
Armor: Leather armour    |    14 |       ||    14
       Ring mail         |    14 |     2 ||    16
Dodge: Dodged            |    42 |     6 ||    48

Table legend:
 A = Non-vault XP
 B = Vault XP
 C = Vault XP percentage of total XP
 D = Non-vault monster count
 E = Vault monster count
 F = Vault count percentage of total count
                 A         B        C        D         E       F
            +---------+---------+-------+---------+---------+-------
      Total |      96 |       0 |   0.0 |      42 |       0 |   0.0
            +---------+---------+-------+---------+---------+-------
        D:1 |      46 |       0 |   0.0 |      24 |       0 |   0.0
        D:2 |      50 |       0 |   0.0 |      18 |       0 |   0.0
            +---------+---------+-------+---------+---------+-------
